 Dungeon Crawl Stone Soup version 0.17-a0-1403-g9df874c (webtiles) character file.

48 ohyou the Slasher (level 3, 0/32 HPs)
             Began as a Naga Gladiator on June 20, 2015.
             Slain by a worm (8 damage)
             ... on level 2 of the Dungeon.
             The game lasted 00:03:42 (1933 turns).

ohyou the Slasher (Naga Gladiator)                  Turns: 1933, Time: 00:03:43

Health: 0/32       AC:  3    Str: 17    XL:     3   Next: 72%
Magic:  3/3        EV: 10    Int:  8    God:
Gold:   93         SH:  0    Dex: 12    Spells: 0 memorised, 2 levels left

rFire  . . .     SeeInvis +     a - +0 long sword
rCold  . . .     Clarity  .     b - +0 leather armour
rNeg   . . .     SustAt   .     (no shield)
rPois  +         Gourm    .     c - +0 helmet
rElec  .         Spirit   .     (no cloak)
rCorr  .         Warding  .     (no gloves)
rMut   .         Stasis   .     (no barding)
MR     .....                    (no amulet)
Stlth  +.........               (no ring)
                                (no ring)

@: very slow, not resistant to hostile enchantments, very unstealthy
A: see invisible, deformed body, poison resistance, slowness 2, slow metabolism
1, spit poison 2, AC +1
a: Spit Poison


   Skills:
 - Level 2.0 Fighting
 + Level 4.5 Long Blades
 - Level 1.7 Throwing
 - Level 2.4 Dodging


You had 2 spell levels left.
You didn't know any spells.


Innate Abilities, Weirdness & Mutations

You cannot wear boots.
Your serpentine skin is tough (AC +1).
You have supernaturally acute eyesight.
Armour fits poorly on your strangely shaped body.
Your system is resistant to poisons.
You cover ground very slowly.
You have a slow metabolism.
You can spit poison.

Inventory:

Hand weapons
 a - a +0 long sword (weapon)
Missiles
 d - 3 throwing nets (quivered)
 h - 4 tomahawks
Armour
 b - a +0 leather armour (worn)
 c - a +0 helmet (worn)
 o - a +1 chain mail of fire resistance
Scrolls
 f - 4 scrolls of identify {unknown}
 j - a scroll of remove curse {unknown}
 m - a scroll of immolation {unknown}
 p - a scroll of teleportation {unknown}
Potions
 g - a potion of curing {unknown}
 i - a potion of brilliance {unknown}
 k - a potion of heal wounds {unknown}
 l - a potion of lignification {unknown}
 s - a potion of flight {unknown}
Comestibles
 e - a bread ration
 n - a slice of pizza
 q - a chunk of flesh
 r - 3 fruits

## .####### ########## .#.....#
.........# .#.###.#
.#######.#### .......#
#........# ##.##### #
#........#
##.#########.######........#
..<........#.......####.####
##....####.#...w@..# #.#
##.......#.#.......####.#######
.+............................#
##...........#########..#.#####
#....##.##..# #...#.#
#....<......# #..##.#####
#.)..##.##..)# #..##.....#
#######.# #.# #..######.# #.#
#..# #.#


You could see a worm.


Message History

Found an escape hatch in the ceiling.
You open the door.
There is an open door here.
Found a stone staircase leading down.
You now have 93 gold pieces (gained 13).
p - a scroll labeled TUMPAOROMN A giant newt comes into view.
You closely miss the giant newt. The giant newt bites you.
You hit the giant newt.
You kill the giant newt!
A giant newt comes into view.
The giant newt moves out of view.
No target in view!
Found a stone staircase leading up.
A giant newt comes into view.
The giant newt completely misses you.
Found a stone staircase leading down.
The giant newt bites you.
You miss the giant newt. The giant newt bites you. The giant newt bites you.
You miss the giant newt. The giant newt bites you.
You closely miss the giant newt. The giant newt closely misses you.
You closely miss the giant newt. The giant newt bites you.
You miss the giant newt. The giant newt barely misses you.
You hit the giant newt.
You kill the giant newt!
The giant newt closely misses you.
You barely miss the giant newt. The giant newt bites you.
You closely miss the giant newt. The giant newt barely misses you.
You miss the giant newt. The giant newt closely misses you.
You miss the giant newt.
The giant newt bites you but does no damage.
You slash the giant newt!
You kill the giant newt!
No target in view!
You see here a giant newt corpse.
You butcher the giant newt corpse.
q - a chunk of flesh You see here a giant newt skeleton.
Found 15 sling bullets.
A rat comes into view.
You closely miss the rat. The rat bites you but does no damage.
You hit the rat.
The rat is heavily wounded.
The rat bites you.
You slash the rat!
You kill the rat!
You see here 2 stones.
You see here a dagger.
You see here a dagger.
There is an open door here.
r - 3 fruits
There is an escape hatch in the ceiling here.
There is an open door here.
A bat comes into view.
A bat is nearby!
You closely miss the bat. The bat hits you. The bat closely misses you.
The bat hits you but does no damage.
You hit the bat.
You kill the bat!
No target in view!
You see here a bat corpse.
You butcher the bat corpse.
q - 2 chunks of flesh (gained 1) As you open the door, it creaks loudly!
There is an open door here.
f - 4 scrolls labeled MIBUKKOMAC (gained 1)
You open the door.
There is an open door here.
A giant newt comes into view.
The giant newt bites you but does no damage. x2
You hit the giant newt but do no damage.
The giant newt closely misses you.
You hit the giant newt.
You kill the giant newt!
No target in view!
s - a bubbling amethyst potion Some of the chunks of flesh in your inventory have rotted away.
A worm comes into view.
You barely miss the worm. The worm bites you!
You hit the worm.
The worm is moderately wounded.
You barely miss the worm.
The worm is moderately wounded.
The worm bites you.
You hit the worm.
The worm is heavily wounded.
The worm barely misses you.
You hit the worm.
The worm is severely wounded.
The worm bites you.
You hit the worm.
The worm is almost dead.
You barely miss the worm.
The worm is almost dead.
The worm bites you!
* * * LOW HITPOINT WARNING * * *
You hit the worm.
The worm is almost dead.
The worm bites you!
You die...

Dungeon Overview and Level Annotations

Branches:
Dungeon (2/15)

Altars:

Notes
Turn   | Place    | Note
--------------------------------------------------------------
     0 | D:1      | ohyou the Naga Gladiator began the quest for the Orb.
     0 | D:1      | Reached XP level 1. HP: 19/19 MP: 1/1
   214 | D:1      | Reached XP level 2. HP: 6/26 MP: 2/2
   701 | D:1      | Reached skill level 4 in Long Blades
   792 | D:1      | Reached XP level 3. HP: 28/32 MP: 3/3
  1933 | D:2      | Slain by a worm

Vault maps used:
D:1:      dpeg_arrival_shrine, patterned_corridor
D:2:      grunt_ministairs_10

Vanquished Creatures
  A worm (D:2)
  2 bats (D:1 D:2)
  9 goblins (D:1 D:2)
  9 hobgoblins (D:1 D:2)
  3 jackals (D:1)
  A ball python (D:1)
  2 giant cockroaches (D:1)
  5 giant newts (D:1 D:2)
  5 kobolds (D:1 D:2)
  8 rats (D:1 D:2)
45 creatures vanquished.

Action                   || total
-------------------------++-------
Melee: Long sword        ||   126
Throw: Throwing net      ||     3
 Stab: Held in net/web   ||     1
  Eat: Bread ration      ||     1
       Chunk             ||     1

Table legend:
 A = Turns spent in this place as a percentage of turns spent in the entire game.
 B = Non-inter-level travel turns spent in this place as a percentage of non-inter-level travel turns spent in the entire game.
 C = Inter-level travel turns spent in this place as a percentage of turns spent in this place.
 D = Turns resting spent in this place as a percentage of non-inter-level travel turns spent in this place.
 E = Turns spent auto-exploring this place as a percentage of non-inter-level travel turns spent in this place.
 F = Non-inter-level travel turns spent in this place divided by the number of levels of this place that you've seen.
                   A       B       C       D       E      F
               +-------+-------+-------+-------+-------+----------------------
         Total | 100.0 | 100.0 |   0.3 |   3.7 |  17.1 | 187.5
       Dungeon | 100.0 | 100.0 |   0.3 |   3.7 |  17.1 | 187.5
               +-------+-------+-------+-------+-------+----------------------

Table legend:
 A = Kills in this place as a percentage of kills in entire the game.
 B = Kills by you in this place as a percentage of kills by you in the entire game.
 C = Kills by friends in this place as a percentage of kills by friends in the entire game.
 D = Other kills in this place as a percentage of other kills in the entire game.
 E = Experience gained in this place as a percentage of experience gained in the entire game.
 F = Experience gained in this place divided by the number of levels of this place that you have seen.
                   A       B       C       D       E      F
               +-------+-------+-------+-------+-------+----------------------
         Total | 100.0 | 100.0 |  -nan |  -nan | 100.0 |  34.5
       Dungeon | 100.0 | 100.0 |  -nan |  -nan | 100.0 |  34.5
               +-------+-------+-------+-------+-------+----------------------
